 Dungeon Crawl Stone Soup version 0.20-b1-14-g8425815 (webtiles) character file.

166 tof the Skirmisher (level 5, -4/43 HPs)
             Began as a Barachi Fighter on May 23, 2017.
             Slain by Sigmund
             ... wielding a +0 scythe
              (14 damage)
             ... on level 2 of the Dungeon.
             The game lasted 00:06:00 (2123 turns).

tof the Skirmisher (Barachi Fighter)                Turns: 2123, Time: 00:06:01

Health: -4/43      AC:  8    Str: 17    XL:     5   Next: 47%
Magic:  0/5        EV:  9    Int:  8    God:
Gold:   48         SH:  0    Dex: 13    Spells: 4/4 levels left

rFire    . . .     SeeInvis .   a - +0 flail
rCold    . . .     Gourm    .   (no shield)
rNeg     . . .     Faith    .   b - +0 scale mail
rPois    .         Spirit   +   m - +0 helmet
rElec    .         Reflect  .   (no cloak)
rCorr    .         Harm     .   (no gloves)
MR       .....                  (no boots)
Stlth    ..........             c - amulet of guardian spirit
Regen    0.2/turn               (no ring)
MPRegen  0.1/turn               (no ring)

@: confused, lethally poisoned (-4 -> -6), slow
A: +LOS, swims, slowness 1, strong legs 1
a: Hop


You were on level 2 of the Dungeon.
You were not hungry.

You visited 1 branch of the dungeon, and saw 2 of its levels.

You collected 48 gold pieces.

Inventory:

Hand Weapons
 a - a +0 flail (weapon)
Armour
 b - a +0 scale mail (worn)
 m - a +0 helmet (worn)
Jewellery
 c - an amulet of guardian spirit (around neck)
Scrolls
 e - a scroll of enchant weapon {unknown}
 i - a scroll of identify {unknown}
 l - a scroll of teleportation {unknown}
Potions
 d - a potion of might
 g - a potion of ambrosia {unknown}
Comestibles
 f - a bread ration
 h - 3 chunks of flesh


   Skills:
 * Level 4.7 Fighting
 * Level 4.3 Maces & Flails
 + Level 4.7 Armour
 + Level 0.7 Dodging
   Level 3.2 Shields


You had 4 spell levels left.
You didn't know any spells.

Dungeon Overview and Level Annotations

Branches:
Dungeon (2/15)

Altars:
Hepliaklqana
Okawaru

Annotations:
D:2 Sigmund


Innate Abilities, Weirdness & Mutations

Shadows flee at your approach. (+LOS)
You can swim through water.
You cover ground slowly.
You can hop short distances.


Message History

The adder bites you but does no damage. Something hits you but does no damage.
You're too confused to move!
The adder closely misses you. Something hits you but does no damage.
You bump into the rock wall.
The adder bites you but does no damage.
You hear some strange, mumbled words.
Something tries to affect you, but you resist.
The adder bites you.
* * * LOW HITPOINT WARNING * * *
You are poisoned.
The adder poisons you!
You feel sick. The adder bites you but does no damage.
You're too confused to move!
Sigmund appears from thin air!
Reactivating autopickup.
The adder bites you but does no damage.
Sigmund gestures wildly while chanting.
Sigmund flickers and vanishes!
Deactivating autopickup; reactivate with Ctrl-A.
The adder completely misses you.
You feel sick. Something hits you!
You die...

##################.#
#).................#
#...................
#.................#.
#................[#.
#........#.#####....
#.{...# #####.###
#.S...# #.....#
###..@..# #.#####
######.......# #.#
.............# #.#
#####.#.....# #.#
#.#.....# #.#
#.###.#.######.# #
#.#......รท.#
#.########## #.#


You could see an adder.

Vanquished Creatures
  Terence (D:1)
  4 gnolls
  5 adders
  2 oozes (D:2)
  A worm (D:2)
  A dart slug (D:1)
  2 giant cockroaches
  5 goblins
  7 hobgoblins
  3 jackals (D:1)
  4 kobolds
  A ball python (D:1)
  8 bats
  5 rats
49 creatures vanquished.

Notes
Turn   | Place    | Note
-------+----------+-------------------------------------------
     0 | D:1      | tof the Barachi Fighter began the quest for the Orb.
     0 | D:1      | Reached XP level 1. HP: 18/18 MP: 1/1
    38 | D:1      | Reached XP level 2. HP: 18/25 MP: 2/2
   199 | D:1      | Found an iron altar of Okawaru.
   330 | D:1      | Reached XP level 3. HP: 23/30 MP: 3/3
   904 | D:2      | Noticed Terence
   905 | D:2      | Found a hazy altar of Hepliaklqana.
   919 | D:1      | Killed Terence
   919 | D:1      | Reached XP level 4. HP: 9/38 MP: 4/4
  1650 | D:2      | Reached XP level 5. HP: 43/43 MP: 5/5
  2106 | D:2      | Noticed Sigmund
  2123 | D:2      | Slain by Sigmund

Skill      XL: |  1  2  3  4  5 |
---------------+----------------+-----
Fighting       | 4 |  4.7
Armour         | 4 |  4.7
Maces & Flails | 3 4 |  4.3
Dodging        | |  0.7
Shields        | |  3.2

Action                   |  1- 3 |  4- 6 || total
-------------------------+-------+-------++-------
Melee: Flail             |    68 |   116 ||   184
 Abil: Hop               |       |     1 ||     1
  Use: Potion            |       |     3 ||     3
  Eat: Bread ration      |       |     1 ||     1
Armor: Scale mail        |    37 |    76 ||   113
Dodge: Dodged            |    20 |    63 ||    83
Block: Shield            |    43 |    16 ||    59
